 Dungeon Crawl Stone Soup version 0.26.0-41-g79a4fc7684 (webtiles) character file.

Game seed: 11498726560254410923

24177 kaeus the Fighter (level 12, -1/99 (117) HPs)
             Began as a Palentonga Fighter on Jan 26, 2021.
             Was an Initiate of Gozag.
             Slain by Rupert
             ... wielding a +1 great mace of draining
              (2 damage)
             ... on level 3 of the Lair of Beasts.
             The game lasted 00:23:02 (17376 turns).

kaeus the Fighter (Palentonga Fighter)             Turns: 17376, Time: 00:23:02

HP:   -1/99 (117)   AC: 37    Str: 23    XL:     12   Next: 78%
MP:   12/12         EV:  4    Int: 15    God:    Gozag
Gold: 157           SH:  9    Dex: 14    Spells: 11/11 levels left

rFire    . . .     SeeInvis +   w - +7 mace of Reapportionment {freeze, rC+}
rCold    . . .     Faith    .   k - +3 buckler
rNeg     + . .     Spirit   .   D - +5 chain mail of the Manifold Gods {rC- Regen+ Dex+3}
rPois    .         Reflect  .   g - +2 hat
rElec    .         Harm     .   x - +1 cloak
rCorr    .         Rampage  .   F - +2 pair of gloves
Will     +....                  i - +1 barding
Stlth    ..........             t - amulet of magic regeneration
HPRegen  0.00/turn              m - +6 ring of intelligence
MPRegen  0.38/turn              s - ring of positive energy

@: heavily drained, curled up
A: large, horns 1, rugged brown scales 3, see invisible, deformed body,
strong-willed 1, inhibited regeneration, MP-powered wands, roll 1, armoured
tail, reflexive curl
a: Rolling Charge, Renounce Religion, Potion Petition, Call Merchant, Bribe
Branch


You were on level 3 of the Lair of Beasts.
You worshipped Gozag.
Gozag was aware of your devotion.
You visited 3 branches of the dungeon, and saw 14 of its levels.
You also visited: Sewer.

You collected 2886 gold pieces.
You spent 2614 gold pieces at shops.
You paid 115 gold pieces to Gozag.

Inventory:

Hand Weapons
 a - a +1 war axe
 w - the +7 mace of Reapportionment (weapon) {freeze, rC+}
   (You found it on level 4 of the Dungeon)

   It has been specially enchanted to freeze those struck by it, causing extra
   injury to most foes and up to half again as much damage against particularly
   susceptible opponents.
   It can also slow down cold-blooded creatures.
   It protects you from cold.
Armour
 c - the quicksilver dragon scales of Jigsaw {rC+ rN++ Will+ Int+2 Dex-4}
   (You bought it in a shop on level 9 of the Dungeon)

   It affects your intelligence (+2).
   It affects your dexterity (-4).
   It protects you from cold.
   It greatly protects you from negative energy.
   It affects your willpower, your defense against some magical effects.
 g - a +2 hat (worn)
 i - a +1 barding (worn)
 k - a +3 buckler (worn)
 x - a +1 cloak (worn)
 D - the +5 chain mail of the Manifold Gods (worn) {rC- Regen+ Dex+3}
   (You found it on level 6 of the Dungeon)

   It affects your dexterity (+3).
   It makes you vulnerable to cold.
   It increases your rate of regeneration.
 F - a +2 pair of gloves (worn)
 G - the +4 scale mail of Soexzost {*Slow +Fly rElec Str+4}
   (You bought it in a shop on level 9 of the Dungeon)

   It affects your strength (+4).
   It insulates you from electricity.
   It lets you fly.
   It may slow you when you take damage.
Magical Staves
 z - an uncursed staff of death
Jewellery
 h - an uncursed ring of ice
 m - a +6 ring of intelligence (left hand)
 s - a ring of positive energy (right hand)
 t - an amulet of magic regeneration (around neck)
Wands
 v - a wand of digging (4)
 y - a wand of disintegration (18)
 I - a wand of iceblast (9)
 K - a wand of paralysis (32)
Scrolls
 b - a scroll of amnesia
 e - 3 scrolls of enchant weapon
 f - a scroll of acquirement {unknown}
 o - 8 scrolls of remove curse
 p - 9 scrolls of teleportation
 q - 10 scrolls of identify
 r - a scroll of fear
 A - a scroll of magic mapping {unknown}
 H - a scroll of fog
Potions
 d - 6 potions of might
 j - 3 potions of flight
 l - a potion of heal wounds
 n - 6 potions of curing
 u - a potion of cancellation
 B - a potion of magic
 C - 2 potions of brilliance
 J - a potion of lignification


   Skills:
 + Level 11.3 Fighting
 - Level 4.4(7.9) Axes
 + Level 10.2(10.6) Maces & Flails
 + Level 9.6 Armour
 + Level 9.6 Shields


You had 11 spell levels left.
You didn't know any spells.
Your spell library contained the following spells:

 Spells                   Type           Power        Failure   Level
 Shock                    Conj/Air       0%           83%         1
 Swiftness                Air            0%           93%         2
 Static Discharge         Conj/Air       0%           99%         3
 Airstrike                Air            0%           100%        4
 Lightning Bolt           Conj/Air       0%           100%        5


Dungeon Overview and Level Annotations

Branches:
Dungeon (10/15)            Temple (1/1) D:7            Lair (3/6) D:10
 Shoals (0/4) Lair:2        Snake (0/4) Lair:2        Sewer (visited)
    Orc: D:9-12

Altars:
Ashenzari
Cheibriados
Dithmenos
Elyvilon
Fedhas
Gozag
Hepliaklqana
Kikubaaqudgha
Makhleb
Nemelex Xobeh
Okawaru
Qazlal
Ru
Sif Muna
Trog
Uskayaw
Vehumet
Wu Jian
Xom
Yredelemnul
Zin
The Shining One

Shops:
D:4 [   D:5 (   D:9 [([!

Annotations:
Lair:3 Rupert


Innate Abilities, Weirdness & Mutations

You are completely covered in rugged brown scales. (AC +3, +7% HP)
You have supernaturally acute eyesight. (SInv)
Armour fits poorly on your strangely shaped body.
You can roll at nearby foes to attack.
You have a long armoured tail.
You curl defensively after being hit.
You have a pair of small horns on your head.
You are strong-willed. (Will+)
You do not regenerate when monsters are visible.
You expend magic power (3 MP) to strengthen your wands.


Message History

* * * LOW HITPOINT WARNING * * *
You partially resist.
You feel drained. You block Rupert's attack.
You take 10 damage, and have 19/101 hp.
You sock Rupert! You freeze Rupert. You headbutt Rupert. You tail-slap Rupert.
Rupert is almost dead.
You block Rupert's attack.
You hit Rupert. You freeze Rupert. You headbutt Rupert.
Your tail-slap misses Rupert.
Rupert is almost dead.
You block Rupert's attack.
You sock Rupert! You freeze Rupert.
Rupert is almost dead.
Rupert barely misses you.
You thump Rupert! You freeze Rupert.
Rupert is almost dead.
Rupert hits you with a +1 great mace of draining!!
* * * LOW HITPOINT WARNING * * *
You partially resist.
You feel drained.
You die...
Your body crumbles into a pile of gold.

.#P#.. . ..... ..
.... #.. ... .... ..
...!.#.## .......S#
#@### #@..# ...
###..# ....... ...
##.#.#.#
............##...####
................P#
......[.##...#..##
..............#..#
...........###..##
...........##...##


You could see Rupert (berserk) and a water moccasin.

Vanquished Creatures
  3 hydras (Lair:2)
  Harold (D:10)
  Erica (D:8)
  A two-headed ogre (D:9)
  Urug (D:10)
  A manticore (Lair:2)
  A black mamba (Lair:2)
  5 elephants (Lair:2)
  A gargoyle (D:9)
  3 cane toads
  3 komodo dragons
  4 rime drakes (Lair:2)
  2 trolls (D:9)
  A wind drake (Lair:2)
  9 blink frogs
  Prince Ribbit (Lair:3)
  31 yaks
  A basilisk (Lair:2)
  2 wargs (D:9)
  9 water moccasins
  Duvessa (D:6)
  2 orc warriors
  A swamp drake (Lair:1)
  A black bear (D:7)
  A hornet zombie (D:8)
  4 sky beasts
  5 ogres
  An eye of draining (D:10)
  3 centaurs
  8 wolves
  A big kobold (D:8)
  5 bullfrogs
  Dowan (D:6)
  4 scorpions
  4 killer bees (D:10)
  16 wights
  A howler monkey (D:4)
  5 jellies
  4 bullfrog zombies
  A centaur zombie (D:5)
  7 hounds
  Crazy Yiuf (D:4)
  2 centaur skeletons
  12 orc priests
  Jessica (D:2)
  Ijyb (D:5)
  5 iguanas
  8 orc wizards
  8 worker ants
  A killer bee zombie (D:9)
  A hound skeleton (D:6)
  2 howler monkey zombies
  4 gnolls (D:6)
  16 adders
  A howler monkey skeleton (D:10)
  A river rat (D:5)
  3 shadow imps
  An ufetubus (D:10)
  3 oozes (Sewer)
  3 adder skeletons
  6 worms
  5 dart slugs
  5 leopard geckos
  44 orcs
  A ball python (D:1)
  15 bats
  8 giant cockroaches
  18 goblins
  12 hobgoblins
  21 jackals
  12 kobolds
  3 quokkas
  6 frilled lizards
  A jackal zombie (D:6)
  10 rats
398 creatures vanquished.

Vanquished Creatures (others)
  5 fungi
  16 plants
  4 toadstools (D:3)
25 creatures vanquished.

Grand Total: 423 creatures vanquished

Notes
Turn   | Place    | Note
-------+----------+-------------------------------------------
     0 | D:1      | kaeus the Palentonga Fighter began the quest for the Orb.
     0 | D:1      | Reached XP level 1. HP: 20/20 MP: 1/1
   115 | D:1      | Reached XP level 2. HP: 26/27 MP: 2/2
   779 | D:2      | Reached XP level 3. HP: 32/33 MP: 3/3
   974 | D:2      | Found a faded altar of an unknown god.
  1011 | D:2      | Reached XP level 4. HP: 40/41 MP: 4/4
  1102 | D:2      | Found an opulent altar of Gozag.
  1286 | D:2      | Noticed Jessica
  1291 | D:2      | Killed Jessica
  1375 | D:2      | Reached XP level 5. HP: 35/49 MP: 5/5
  1950 | D:3      | Reached skill level 4 in Fighting
  2405 | D:3      | Noticed a sky beast
  2412 | D:4      | Found Derhecs's Armour Emporium.
  2735 | D:4      | Killed a sky beast
  2736 | D:4      | Reached XP level 6. HP: 48/56 MP: 6/6
  3397 | D:4      | Gained mutation: You curl defensively after being hit.
                  | [Palentonga growth]
  3397 | D:4      | Reached XP level 7. HP: 64/64 MP: 7/7
  3479 | D:4      | Found a shadowy altar of Dithmenos.
  3676 | D:4      | Reached skill level 5 in Fighting
  3734 | D:4      | Found a runed translucent door.
  3735 | D:4      | Noticed Crazy Yiuf
  3804 | D:4      | Killed Crazy Yiuf
  3810 | D:4      | Got a glimmering mace
  3827 | D:4      | Identified the +7 mace of Reapportionment {freeze, rC+}
                  | (You found it on level 4 of the Dungeon)
  3987 | D:3      | Found an ornate altar of the Wu Jian Council.
  4304 | D:3      | Found a shimmering altar of Xom.
  4774 | D:5      | Entered Level 5 of the Dungeon
  4783 | D:5      | Found a blossoming altar of Fedhas.
  4814 | D:5      | Reached skill level 1 in Maces & Flails
  4980 | D:5      | Noticed Ijyb
  4987 | D:5      | Killed Ijyb
  5044 | D:5      | Found a glowing drain.
  5053 | Sewer    | Entered a sewer
  5666 | D:2      | Became a worshipper of Gozag Ym Sagoz the Greedy
  5717 | D:5      | Reached XP level 8. HP: 73/73 MP: 8/8
  5789 | D:5      | Found Ychiator's Weapon Boutique.
  5829 | D:5      | Found a white marble altar of Elyvilon.
  5829 | D:5      | Found a sparkling altar of Nemelex Xobeh.
  5835 | D:5      | Found a radiant altar of Vehumet.
  5837 | D:5      | Found a faded altar of an unknown god.
  5837 | D:5      | Found a faded altar of an unknown god.
  6237 | D:6      | Reached skill level 6 in Fighting
  6237 | D:6      | Reached skill level 5 in Armour
  6247 | D:6      | Reached skill level 5 in Shields
  6432 | D:6      | Reached XP level 9. HP: 30/83 MP: 9/9
  6840 | D:6      | Noticed Duvessa
  6841 | D:6      | Noticed Dowan
  6843 | D:6      | Killed Duvessa
  6848 | D:6      | Killed Dowan
  7012 | D:6      | Found a burning altar of Makhleb.
  7246 | D:6      | Got a warped chain mail
  7257 | D:6      | Identified the +5 chain mail of the Manifold Gods {rC-
                  | Regen+ Dex+3} (You found it on level 6 of the Dungeon)
  7427 | D:7      | Reached skill level 7 in Fighting
  7487 | D:7      | Found an iron altar of Okawaru.
  7638 | D:7      | Found a staircase to the Ecumenical Temple.
  7753 | D:7      | Found a bloodstained altar of Trog.
  7905 | Temple   | Entered the Ecumenical Temple
  8227 | D:8      | Reached skill level 5 in Maces & Flails
  8467 | D:8      | Found a stormy altar of Qazlal.
  8749 | D:8      | Noticed Erica
  8759 | D:8      | Killed Erica
  8760 | D:8      | Reached skill level 8 in Fighting
  8760 | D:8      | Reached XP level 10. HP: 94/94 MP: 10/10
  9050 | D:9      | Found a basalt altar of Yredelemnul.
  9080 | D:9      | Found Fuunin's Antique Weapon Shoppe.
  9093 | D:9      | Noticed a gargoyle
  9101 | D:9      | Killed a gargoyle
  9116 | D:9      | Found Olyl's Antique Armour Shop.
  9149 | D:9      | Bought a pair of glowing gloves for 225 gold pieces
  9149 | D:9      | Bought a spiked scale mail for 270 gold pieces
  9159 | D:9      | Identified the +4 scale mail of Soexzost {*Slow +Fly rElec
                  | Str+4} (You bought it in a shop on level 9 of the Dungeon)
  9221 | D:9      | Found Aduf's Antique Armour Boutique.
  9389 | D:9      | Found Isuan's Distillery.
  9396 | D:9      | Bought a potion of lignification for 39 gold pieces
  9663 | D:9      | Found a glowing silver altar of Zin.
  9765 | D:10     | Entered Level 10 of the Dungeon
  9790 | D:10     | Found a staircase to the Lair.
  9794 | D:10     | Noticed a two-headed ogre
 10510 | D:9      | Killed a two-headed ogre
 10514 | D:9      | Reached skill level 9 in Fighting
 10765 | D:10     | Noticed Urug
 10780 | D:10     | Killed Urug
 10781 | D:10     | Reached XP level 11. HP: 36/103 MP: 11/11
 11461 | D:10     | Noticed Harold
 11476 | D:10     | Killed Harold
 12015 | Lair:1   | Entered Level 1 of the Lair of Beasts
 12998 | Lair:1   | Reached skill level 10 in Fighting
 13676 | Lair:1   | Gained mutation: You have a pair of small horns on your
                  | head. [potion of mutation]
 13676 | Lair:1   | Gained mutation: You are strong-willed. (Will+) [potion of
                  | mutation]
 13676 | Lair:1   | Gained mutation: You do not regenerate when monsters are
                  | visible. [potion of mutation]
 13676 | Lair:1   | Gained mutation: You expend magic power (3 MP) to
                  | strengthen your wands. [potion of mutation]
 13693 | Lair:2   | Noticed a six-headed hydra
 13700 | Lair:2   | Killed a six-headed hydra
 13704 | Lair:2   | Noticed a seven-headed hydra
 13711 | Lair:2   | Killed a seven-headed hydra
 13986 | Lair:2   | Reached XP level 12. HP: 81/114 MP: 12/12
 14674 | Lair:2   | Found a staircase to the Shoals.
 15284 | Lair:2   | Noticed an eight-headed hydra
 15290 | Lair:2   | Killed an eight-headed hydra
 15494 | Lair:2   | Found a staircase to the Snake Pit.
 15524 | Lair:2   | Reached skill level 11 in Fighting
 16524 | D:9      | Bought glimmering quicksilver dragon scales for 2080 gold
                  | pieces
 16534 | D:9      | Identified the cursed quicksilver dragon scales of Jigsaw
                  | {rC+ rN++ Will+ Int+2 Dex-4} (You bought it in a shop on
                  | level 9 of the Dungeon)
 17008 | Lair:2   | Reached skill level 10 in Maces & Flails
 17251 | Lair:3   | Noticed Prince Ribbit
 17261 | Lair:3   | Killed Prince Ribbit
 17344 | Lair:3   | Noticed Rupert
 17376 | Lair:3   | HP: 1/101 [Rupert/+1 great mace of draining (18)]
 17376 | Lair:3   | Slain by Rupert

Illustrated notes

Levels and vault maps discovered:
D:1:      co_arrival_square_in_a_square_in_a_square, layout_loops_cross,
          serial_glass, glass_columns_a, glass_columns_a
D:2:      layout_rooms, general_overflow_altar,
          chequers_ecumenical_altar_twisty, uniq_jessica
D:3:      layout_basic, nzn_wu_jian_council_hall, overflow_temple_1_default,
          minmay_gold_behind_fungi, columned_hall_lemuel, minmay_misc_feat_tiny
D:4:      corexii_shack_village, layout_loops_corners, grunt_dithmenos_shadows,
          serial_shops, shop, uniq_crazy_yiuf_cottage
D:5:      layout_basic, fedhas_bush_and_centaur_altar,
          chequers_temple_overflow_minitemple, lightli_sewer_entry_pipes,
          serial_shops, nicolae_shop_crystal, uniq_ijyb
D:6:      layout_rooms, marbit_many_paths, kennysheep_generic_room_7,
          uniq_duvessa
D:7:      layout_rooms, lemuel_coloured_pillars_altar, temple_fountains,
          lemuel_altar_in_water
D:8:      layout_basic, overflow_temple_1_default, uniq_erica
D:9:      layout_loops_cross, kennysheep_mini, yredelemnul_altar_generic,
          serial_shops, nicolae_shop_crystal, shop, shop, shop
D:10:     layout_irregular_city, erik_lair_orcish_takeover,
          kennysheep_opposing_triangles, uniq_harold, uniq_urug
Temple:   compressed_dpeg_triangle_lava_temple
Lair:1:   layout_chaotic_city, hibernation_bobbens
Lair:2:   layout_layer_cave, minmay_shoals_entry_beasts,
          guppyfry_snake_entry_garden, serial_bayou_crossing,
          grunt_megastairs_2, infiniplex_staircase_pool_2
Lair:3:   layout_cave_shapes, uniq_prince_ribbit2, uniq_rupert, uniq_snorg

Skill      XL: |  1  2  3  4  5  6  7  8  9 10 11 12 |
---------------+-------------------------------------+-----
Armour         | 3 4 5 6 7 8 9 |  9.6
Shields        | 3 4 5 6 7 8 9 |  9.6
Axes           | 3 4 |  4.4
Fighting       | 4 5 6 8 9 10 11 | 11.3
Maces & Flails | 1 3 6 7 9 10 | 10.2

Action                   |  1- 3 |  4- 6 |  7- 9 | 10-12 || total
-------------------------+-------+-------+-------+-------++-------
Melee: War axe           |    81 |   202 |    22 |       ||   305
       Tailslap          |     6 |    21 |    50 |    93 ||   170
       Mace              |       |       |   407 |   551 ||   958
       Headbutt          |       |       |       |    60 ||    60
 Abil: Rolling Charge    |    17 |    30 |    59 |    76 ||   182
  Use: Scroll            |       |     6 |     6 |     4 ||    16
       Potion            |       |     3 |     9 |     3 ||    15
 Stab: Invisible         |       |     1 |       |       ||     1
       Distracted        |       |       |     1 |     1 ||     2
Armor: Scale mail        |    48 |   127 |   154 |   286 ||   615
       Chain mail        |       |       |    80 |   122 ||   202
Dodge: Dodged            |    16 |    52 |    69 |   137 ||   274
Block: Kite shield       |    20 |       |       |       ||    20
       Buckler           |    11 |    72 |   155 |   248 ||   486
